TOP OF THE 1ST |
Jasper Cougars batting - Pitching for Salem Sledgehammers : LHP Carlos Castillo
|
Pitching: LHP Carlos Castillo
|
|
Batting: RHB Greg King
|
0-0: Called Strike 0-1: Ball 1-1: Ball 2-1: Called Strike 2-2: Foul Ball, location: 2F 2-2: Strikes out looking
|
Batting: RHB Dan Hooper
|
0-0: Fly out, F3 (Popup, 3S)
|
Batting: LHB Enrique Valentín
|
0-0: Called Strike 0-1: Ball 1-1: Ball 2-1: Foul Ball, location: 2F 2-2: Ball 3-2: Strikes out swinging
|
Top of the 1st over - 0 run(s), 0 hit(s), 0 error(s), 0 left on base; Jasper 0 - Salem 0 |
BOTTOM OF THE 1ST |
Salem Sledgehammers batting - Pitching for Jasper Cougars : RHP Tsugahara Suzuki
|
Pitching: RHP Tsugahara Suzuki
|
|
Batting: RHB William Richardson
|
0-0: Ball 1-0: Called Strike 1-1: Ground out U3 (Groundball, 3)
|
Batting: RHB Brandon Pope
|
0-0: Hit by Pitch
|
Batting: LHB Brent Alonzo
|
0-0: Ball Brandon Pope is caught stealing 2nd base 1-0: Ball 2-0: Swinging Strike 2-1: Swinging Strike 2-2: Strikes out swinging
|
Bottom of the 1st over - 0 run(s), 0 hit(s), 0 error(s), 0 left on base; Jasper 0 - Salem 0 |
TOP OF THE 2ND |
Jasper Cougars batting - Pitching for Salem Sledgehammers : LHP Carlos Castillo
|
Batting: SHB Ron Edwards
|
0-0: Swinging Strike 0-1: Ball 1-1: Foul Ball, location: 2F 1-2: Ball 2-2: Strikes out swinging
|
Batting: RHB Manuel Pérez
|
0-0: Foul Ball, location: 2F 0-1: Ball 1-1: Ball 2-1: Foul Ball, location: 2F 2-2: Ball 3-2: Base on Balls
|
Batting: SHB Martín Cruz
|
0-0: Ball 1-0: Foul Ball, location: 2F 1-1: Ball 2-1: Ball 3-1: Base on Balls Manuel Pérez to second
|
Batting: LHB Pepe Vázquez
|
0-0: Called Strike 0-1: Ball 1-1: SINGLE (Groundball, 56D) Manuel Pérez to third Martín Cruz to second Runner from 3rd tries for Home, SAFE, no throw or cutoff
|
Batting: RHB José Ortega
|
0-0: Called Strike 0-1: Called Strike 0-2: Strikes out swinging
|
Batting: RHB Joe Baker
|
0-0: Called Strike 0-1: Swinging Strike 0-2: Ball 1-2: Strikes out swinging
|
Top of the 2nd over - 1 run(s), 1 hit(s), 0 error(s), 2 left on base; Jasper 1 - Salem 0 |
BOTTOM OF THE 2ND |
Salem Sledgehammers batting - Pitching for Jasper Cougars : RHP Tsugahara Suzuki
|
Batting: RHB Benjamin Lawson
|
0-0: Called Strike 0-1: Ball 1-1: Ball 2-1: Ball 3-1: Base on Balls
|
Batting: SHB Pepe Piña
|
0-0: Ball 1-0: Called Strike 1-1: Ball 2-1: Ball 3-1: Called Strike 3-2: Foul Ball, location: 2F 3-2: Base on Balls Benjamin Lawson to second
|
Batting: SHB Júlio Salazar
|
0-0: Ball 1-0: Called Strike 1-1: Ball 2-1: Fly out, F7 (Flyball, 7S)
|
Batting: RHB Dale Reeves
|
0-0: Ball 1-0: Ball 2-0: Ball 3-0: Called Strike 3-1: Foul Ball, location: 2F 3-2: Base on Balls Benjamin Lawson to third Pepe Piña to second
|
Batting: RHB B.J. Allen
|
0-0: Foul Ball, location: 2F 0-1: Ball 1-1: Called Strike 1-2: Foul Ball, location: 2F 1-2: Ball 2-2: Strikes out swinging
|
Batting: LHB Nathan Frey
|
0-0: Ball 1-0: Ball 2-0: Ball 3-0: Base on Balls Benjamin Lawson scores Pepe Piña to third Dale Reeves to second
|
Batting: RHB William Richardson
|
0-0: Ball 1-0: Called Strike 1-1: Called Strike 1-2: Foul Ball, location: 2F 1-2: Ball 2-2: Ball 3-2: Ground out 6-3 (Groundball, 6)
|
Bottom of the 2nd over - 1 run(s), 0 hit(s), 0 error(s), 3 left on base; Jasper 1 - Salem 1 |
TOP OF THE 3RD |
Jasper Cougars batting - Pitching for Salem Sledgehammers : LHP Carlos Castillo
|
Batting: RHB Greg King
|
0-0: Called Strike 0-1: Swinging Strike 0-2: Ball 1-2: Fly out, F9 (Line Drive, 89S)
|
Batting: RHB Dan Hooper
|
0-0: Swinging Strike 0-1: Ball 1-1: Ball 2-1: Swinging Strike 2-2: Ball 3-2: Base on Balls
|
Batting: LHB Enrique Valentín
|
0-0: Called Strike 0-1: Foul Ball, location: 2F 0-2: Ball 1-2: Ball 2-2: Ball 3-2: Foul Ball, location: 2F 3-2: Foul Ball, location: 2F 3-2: Foul Ball, location: 2F 3-2: Foul Ball, location: 2F 3-2: Strikes out swinging Dan Hooper steals 2nd base Batter strikes out.
|
Batting: SHB Ron Edwards
|
0-0: Called Strike 0-1: Fly out, F7 (Popup, 56D)
|
Top of the 3rd over - 0 run(s), 0 hit(s), 0 error(s), 1 left on base; Jasper 1 - Salem 1 |
BOTTOM OF THE 3RD |
Salem Sledgehammers batting - Pitching for Jasper Cougars : RHP Tsugahara Suzuki
|
Batting: RHB Brandon Pope
|
0-0: DOUBLE (Flyball, 78M)
|
Batting: LHB Brent Alonzo
|
0-0: Called Strike 0-1: Ball 1-1: Fly out, F7 (Flyball, 78M)
|
Batting: RHB Benjamin Lawson
|
0-0: Swinging Strike 0-1: Ball 1-1: Ball 2-1: Ball 3-1: Base on Balls
|
Batting: SHB Pepe Piña
|
0-0: Ball 1-0: Called Strike 1-1: Called Strike Brandon Pope is caught stealing 3rd base Benjamin Lawson to second 1-2: Ball 2-2: Ground out 3-5 (Groundball, 3L)
|
Bottom of the 3rd over - 0 run(s), 1 hit(s), 0 error(s), 1 left on base; Jasper 1 - Salem 1 |
TOP OF THE 4TH |
Jasper Cougars batting - Pitching for Salem Sledgehammers : LHP Carlos Castillo
|
Batting: RHB Manuel Pérez
|
0-0: Ball 1-0: Called Strike 1-1: Ball 2-1: Foul Ball, location: 2F 2-2: Strikes out swinging
|
Batting: SHB Martín Cruz
|
0-0: Ball 1-0: Foul Ball, location: 2F 1-1: Called Strike 1-2: Strikes out swinging
|
Batting: LHB Pepe Vázquez
|
0-0: Ball 1-0: Ball 2-0: Swinging Strike 2-1: Swinging Strike 2-2: Ground out 6-3 (Groundball, 6M)
|
Top of the 4th over - 0 run(s), 0 hit(s), 0 error(s), 0 left on base; Jasper 1 - Salem 1 |
BOTTOM OF THE 4TH |
Salem Sledgehammers batting - Pitching for Jasper Cougars : RHP Tsugahara Suzuki
|
Batting: SHB Júlio Salazar
|
0-0: Called Strike 0-1: Ball 1-1: Foul Ball, location: 2F 1-2: Foul Ball, location: 2F 1-2: Ball 2-2: Strikes out swinging
|
Batting: RHB Dale Reeves
|
0-0: Called Strike 0-1: Swinging Strike 0-2: Strikes out swinging
|
Batting: RHB B.J. Allen
|
0-0: Called Strike 0-1: Ground out 6-3 (Groundball, 6)
|
Bottom of the 4th over - 0 run(s), 0 hit(s), 0 error(s), 0 left on base; Jasper 1 - Salem 1 |
TOP OF THE 5TH |
Jasper Cougars batting - Pitching for Salem Sledgehammers : LHP Carlos Castillo
|
Batting: RHB José Ortega
|
0-0: Fly out, F8 (Flyball, 8LM)
|
Batting: RHB Joe Baker
|
0-0: Swinging Strike 0-1: Swinging Strike 0-2: Strikes out looking
|
Batting: RHB Greg King
|
0-0: Called Strike 0-1: Ball 1-1: Swinging Strike 1-2: Strikes out swinging
|
Top of the 5th over - 0 run(s), 0 hit(s), 0 error(s), 0 left on base; Jasper 1 - Salem 1 |
BOTTOM OF THE 5TH |
Salem Sledgehammers batting - Pitching for Jasper Cougars : RHP Tsugahara Suzuki
|
Batting: LHB Nathan Frey
|
0-0: Ball 1-0: Ball 2-0: Ball 3-0: Called Strike 3-1: Called Strike 3-2: Strikes out looking
|
Batting: RHB William Richardson
|
0-0: Ball 1-0: Foul Ball, location: 2F 1-1: Ball 2-1: Fly out, F9 (Popup, 89S)
|
Batting: RHB Brandon Pope
|
0-0: Ball 1-0: Called Strike 1-1: Ball 2-1: Foul Ball, location: 2F 2-2: Strikes out swinging
|
Bottom of the 5th over - 0 run(s), 0 hit(s), 0 error(s), 0 left on base; Jasper 1 - Salem 1 |
TOP OF THE 6TH |
Jasper Cougars batting - Pitching for Salem Sledgehammers : LHP Carlos Castillo
|
Batting: RHB Dan Hooper
|
0-0: Foul Ball, location: 2F 0-1: Ball 1-1: Swinging Strike 1-2: Ball 2-2: Foul Ball, location: 2F 2-2: Strikes out swinging
|
Pitching: LHP Nick Johnson
|
|
Batting: LHB Enrique Valentín
|
0-0: Ball 1-0: Called Strike 1-1: Called Strike 1-2: Ground out 6-3 (Groundball, 6)
|
Batting: SHB Ron Edwards
|
0-0: Called Strike 0-1: Swinging Strike 0-2: Ball 1-2: Strikes out swinging
|
Top of the 6th over - 0 run(s), 0 hit(s), 0 error(s), 0 left on base; Jasper 1 - Salem 1 |
BOTTOM OF THE 6TH |
Salem Sledgehammers batting - Pitching for Jasper Cougars : RHP Tsugahara Suzuki
|
Pitching: LHP Javier Galeas
|
|
Batting: LHB Brent Alonzo
|
0-0: Called Strike 0-1: Swinging Strike 0-2: Ball 1-2: Foul Ball, location: 2F 1-2: Foul Ball, location: 2F 1-2: Strikes out swinging
|
Batting: RHB Benjamin Lawson
|
0-0: Ball 1-0: Ball 2-0: Swinging Strike 2-1: DOUBLE (Line Drive, 7LM)
|
Batting: SHB Pepe Piña
|
0-0: Intentional Walk
|
Batting: SHB Júlio Salazar
|
0-0: Ball Benjamin Lawson is caught stealing 3rd base Pepe Piña to second 1-0: Foul Ball, location: 2F 1-1: Called Strike 1-2: Ball 2-2: Foul Ball, location: 2F 2-2: Ball 3-2: Foul Ball, location: 2F 3-2: Base on Balls
|
Batting: RHB Dale Reeves
|
0-0: Ground out 2-3 (Groundball, 2R)
|
Bottom of the 6th over - 0 run(s), 1 hit(s), 0 error(s), 2 left on base; Jasper 1 - Salem 1 |
TOP OF THE 7TH |
Jasper Cougars batting - Pitching for Salem Sledgehammers : LHP Nick Johnson
|
Batting: RHB Manuel Pérez
|
0-0: Ground out 5-3 (Groundball, 5)
|
Batting: SHB Martín Cruz
|
0-0: Ball 1-0: Foul Ball, location: 2F 1-1: Ball 2-1: Fly out, F5 (Popup, 25F)
|
Batting: LHB Pepe Vázquez
|
0-0: Foul Ball, location: 2F 0-1: Swinging Strike 0-2: Ball 1-2: Strikes out looking
|
Top of the 7th over - 0 run(s), 0 hit(s), 0 error(s), 0 left on base; Jasper 1 - Salem 1 |
BOTTOM OF THE 7TH |
Salem Sledgehammers batting - Pitching for Jasper Cougars : LHP Javier Galeas
|
Batting: RHB B.J. Allen
|
0-0: Ball 1-0: Swinging Strike 1-1: Swinging Strike 1-2: Ball 2-2: Strikes out looking
|
Batting: LHB Nathan Frey
|
0-0: Ground out 1-3 (Groundball, 13S)
|
Batting: RHB William Richardson
|
0-0: Ball 1-0: Called Strike 1-1: Ball 2-1: Ball 3-1: Base on Balls
|
Batting: RHB Brandon Pope
|
0-0: Fly out, F4 (Line Drive, 34)
|
Bottom of the 7th over - 0 run(s), 0 hit(s), 0 error(s), 1 left on base; Jasper 1 - Salem 1 |
TOP OF THE 8TH |
Jasper Cougars batting - Pitching for Salem Sledgehammers : LHP Nick Johnson
|
Batting: RHB José Ortega
|
0-0: Ball 1-0: Called Strike 1-1: Foul Ball, location: 2F 1-2: Ball 2-2: Foul Ball, location: 2F 2-2: Strikes out swinging
|
Pitching: RHP Omar Camacho
|
|
Batting: RHB Joe Baker
|
0-0: Ball 1-0: Ball 2-0: Called Strike 2-1: Ball 3-1: Base on Balls
|
Batting: RHB Greg King
|
0-0: Ball 1-0: Called Strike 1-1: Ball 2-1: TRIPLE (Groundball, 5L) Joe Baker scores
|
Batting: RHB Dan Hooper
|
0-0: Fly out, F3 (Popup, 3SF)
|
Pitching: LHP Allen Purss
|
|
Batting: LHB Enrique Valentín
|
0-0: Fly out, F2 (Popup, 2RF)
|
Top of the 8th over - 1 run(s), 1 hit(s), 0 error(s), 1 left on base; Jasper 2 - Salem 1 |
BOTTOM OF THE 8TH |
Salem Sledgehammers batting - Pitching for Jasper Cougars : LHP Javier Galeas
|
Batting: LHB Brent Alonzo
|
0-0: Ball 1-0: Swinging Strike 1-1: Fly out, F7 (Flyball, 78M)
|
Pitching: RHP Bennett Greer
|
|
Batting: RHB Benjamin Lawson
|
0-0: Ball 1-0: Ball 2-0: Called Strike 2-1: Ball 3-1: Swinging Strike 3-2: Base on Balls
|
Pitching: RHP Andrés Ruíz
|
|
Batting: SHB Pepe Piña
|
0-0: Ball 1-0: Grounds into double play, 6-4-3 (Groundball, 6)
|
Bottom of the 8th over - 0 run(s), 0 hit(s), 0 error(s), 0 left on base; Jasper 2 - Salem 1 |
TOP OF THE 9TH |
Jasper Cougars batting - Pitching for Salem Sledgehammers : LHP Allen Purss
|
Pitching: RHP Carlos Morán
|
|
Batting: SHB Ron Edwards
|
0-0: Ball 1-0: Ball 2-0: Ball 3-0: Called Strike 3-1: Base on Balls
|
Batting: RHB Manuel Pérez
|
0-0: Ball 1-0: Foul Ball, location: 2F 1-1: Ball 2-1: Ball 3-1: SINGLE (Groundball, 56) (infield hit) Ron Edwards to second
|
Batting: SHB Martín Cruz
|
0-0: Foul Ball, location: 2F 0-1: Ball 1-1: Swinging Strike 1-2: Strikes out swinging
|
Batting: LHB Pepe Vázquez
|
0-0: Called Strike 0-1: Foul Ball, location: 2F 0-2: Ball 1-2: Ball 2-2: Ground out 5-3 (Groundball, 15S) Ron Edwards to third Manuel Pérez to second
|
Pinch Hitting: RHB Juan Vázquez
|
0-0: Ball 1-0: Called Strike 1-1: Fly out, F5 (Popup, 5SF)
|
Top of the 9th over - 0 run(s), 1 hit(s), 0 error(s), 2 left on base; Jasper 2 - Salem 1 |
BOTTOM OF THE 9TH |
Salem Sledgehammers batting - Pitching for Jasper Cougars : RHP Andrés Ruíz
|
Pitching: RHP Brandon Williams
|
|
Now at 3B: Ron Johnston
|
|
Batting: SHB Júlio Salazar
|
0-0: Ground out 3-1 (Groundball, 34S)
|
Batting: RHB Dale Reeves
|
0-0: Called Strike 0-1: Foul Ball, location: 2F 0-2: Ball 1-2: Ground out 4-3 (Groundball, 4)
|
Pinch Hitting: LHB José Rivera
|
0-0: Called Strike 0-1: Foul Ball, location: 2F 0-2: Ball 1-2: Ball 2-2: Ball 3-2: Foul Ball, location: 2F 3-2: Strikes out looking
|
Bottom of the 9th over - 0 run(s), 0 hit(s), 0 error(s), 0 left on base; Jasper 2 - Salem 1 |
|